 Dungeon Crawl Stone Soup version 0.10.0-14-ga75c42d character file.

9885387 Homard the Conqueror (level 27, 221/221 HPs)
             Began as a Hill Orc Fighter on Feb 25, 2012.
             Was the Champion of The Shining One.
             Escaped with the Orb
             ... and 14 runes on Feb 29, 2012!
             The game lasted 20:13:20 (145677 turns).

Homard the Conqueror (Hill Orc Fighter)           Turns: 145677, Time: 20:13:20

HP 221/221       AC 39     Str 26      XL: 27
MP  41/41        EV  8     Int 17      God: The Shining One [******]
Gold 10074       SH 43     Dex 12      Spells: 13 memorised, 11 levels left

Res.Fire  : + + .   See Invis. : +   N - +9 broad axe (holy) {god gift}
Res.Cold  : + + +   Warding    : . . a - +10 plate armour of Dodauwuch {+Rage rF+ r Life Prot.: + + + Conserve : . w - +5 shield of Resistance {rF+ rC+ MR} Res.Acid. : . . . Res.Corr. : . C - +2 helmet of the Snail {rC+ SInv}
Res.Poison: +       Clarity    : .   h - +0 cloak of the Game of Life {+Rage MR Dam Res.Elec. : . Spirit.Shd : . t - -1 pair of gloves "Stuez" {+Blink rPois}
Sust.Abil.: + .     Stasis     : .   W - +2 pair of elf boots {run} (curse)
Res.Mut.  : +       Ctrl.Telep.: x   s - amulet of resist mutation
Res.Rott. : .       Levitation : .   y - cursed ring of sustain abilities
Saprovore : + . .   Ctrl.Flight: .   c - ring of Pride {Regen rPois Str+3 SInv}

@: very quick, incredibly resistant to hostile enchantments, extremely
unstealthy
A: blurry vision 1, deformed body, deterioration 1, herbivore 1, fast metabolism
1, -20% hp, saprovore 1, slow healing 1, Dex +2
a: Divine Shield, Cleansing Flame, Summon Divine Warrior, Renounce Religion,
Evoke Blink, Evoke Berserk Rage
}: 14/15 runes: serpentine, barnacled, slimy, silver, iron, obsidian, icy, bone,
abyssal, demonic, glowing, magical, fiery, dark


You escaped.
You worshipped The Shining One.
The Shining One was exalted by your worship.
You were full.

You visited 18 branches of the dungeon, and saw 110 of its levels.
You visited Pandemonium 3 times, and saw 32 of its levels.
You visited the Abyss 3 times.
You visited 1 Ziggurat, and saw 3 of its levels.
You visited 2 portal chambers: ice cave, trove.

You collected 15916 gold pieces.
You spent 2942 gold pieces at shops.
You used 2920 gold pieces for miscellaneous purposes.

Inventory:

Hand weapons
 I - the +12,+10 sword of Jihad {holy, *Rage rN+ MR EV+3 Stlth--}
   (You found it on level 6 of the Dungeon)

   It has been blessed by the Shining One to cause great damage to the undead
   and demons.
   It affects your evasion (+3).
   It protects you from negative energy.
   It increases your resistance to enchantments.
   It makes you angry.
   It makes you much less stealthy.
   This sword was The Shining One's gift to a worshipper.
 N - a +9,+9 broad axe of holy wrath (weapon) {god gift}
Missiles
 S - 8 +4 javelins (quivered)
Armour
 a - the +10 plate armour of Dodauwuch (worn) {+Rage rF+ rC++}
   (You found it in Pandemonium)

   It protects you from fire.
   It greatly protects you from cold.
   It lets you go berserk.
 h - the +0 cloak of the Game of Life (worn) {+Rage MR Dam+4}
   (You found it on level 7 of the Iron City of Dis)

   It affects your damage-dealing abilities (+4).
   It increases your resistance to enchantments.
   It lets you go berserk.
 t - the -1 pair of gloves "Stuez" (worn) {+Blink rPois}
   (You found it on level 1 of the Lair of Beasts)

   It protects you from poison.
   It lets you blink.
 w - the +5 shield of Resistance (worn) {rF+ rC+ MR}
   (You bought it in a shop on level 4 of the Orcish Mines)

   It protects you from fire.
   It protects you from cold.
   It increases your resistance to enchantments.
 C - the cursed +2 helmet of the Snail (worn) {rC+ SInv}
   (You found it on level 5 of the Elven Halls)

   It protects you from cold.
   It enhances your eyesight.
   It has a curse placed upon it.
 W - a cursed +2 pair of elven boots of running (worn)
 Z - a +2 cloak of preservation
Magical devices
 b - a wand of disintegration (4)
 e - a wand of hasting (2)
 i - a wand of frost (13)
 j - a wand of hasting (4)
 E - a wand of digging (6)
 F - a wand of teleportation (2)
 G - a wand of digging (0)
 K - a wand of teleportation (6)
 O - a wand of digging (10)
 U - a wand of disintegration (9)
Comestibles
 d - 7 meat rations
 f - 5 bread rations
Scrolls
 l - a scroll of silence
 m - 2 scrolls of recharging
 r - 4 scrolls of fog
 u - 2 scrolls of remove curse
 z - 2 scrolls of fear
 B - 3 scrolls of detect curse
 Q - 3 scrolls of teleportation
 T - a scroll of holy word
Jewellery
 c - the ring of Pride (left hand) {Regen rPois Str+3 SInv}
   (You found it on level 5 of the Elven Halls)

   [ring of regeneration]

   It affects your strength (+3).
   It protects you from poison.
   It enhances your eyesight.
 g - a cursed ring of sustenance
 n - the cursed ring "Vuratit" {-CAST rF+ Int+3}
   (You found it on level 7 of the Iron City of Dis)

   [ring of protection from fire]

   It affects your intelligence (+3).
   It prevents spellcasting.
   It has a curse placed upon it.
 s - an amulet of resist mutation (around neck)
 y - a cursed ring of sustain abilities (right hand)
 D - a cursed ring of protection from magic
 R - an uncursed amulet of stasis
 Y - a cursed amulet of clarity
Potions
 k - 3 potions of heal wounds
 x - 3 potions of speed
 H - 4 potions of berserk rage
 M - 9 potions of curing
 V - 2 potions of resistance
 X - a potion of restore abilities
Books
 J - a book of Annihilations {highlevel}

   This book is beyond your current level of understanding.

   Spells                             Type                      Level
   Poison Arrow                       Conjuration/Poison           6
   Orb of Destruction                 Conjuration                  7
   Chain Lightning                    Conjuration/Air              8
   Lehudib's Crystal Spear            Conjuration/Earth            8
   Ice Storm                          Conjuration/Ice              9
   Fire Storm                         Conjuration/Fire             9
Orbs of Power
 o - the Orb of Zot


   Skills:
 O Level 27 Fighting
 - Level 10,0 Long Blades
 - Level 24,4 Axes
 O Level 27 Armour
 - Level 7,9 Dodging
 - Level 0,1 Stealth
 O Level 27 Shields
 - Level 10,0 Traps & Doors
 + Level 13,6 Spellcasting
 - Level 18,2 Hexes
 - Level 14,6 Charms
 - Level 17,1 Summonings
 + Level 13,8 Translocations
 - Level 12,0 Air Magic
 - Level 11,0 Invocations
 + Level 13,9 Evocations


You had 11 spell levels left.
You knew the following spells:

 Your Spells              Type           Power        Failure   Level  Hunger
a - Flight                Air/Chrm       #######...   1%          3    None
b - Abjuration            Summ           #######...   1%          3    None
c - Swiftness             Air/Chrm       #######...   1%          2    None
d - Repel Missiles        Air/Chrm       #######...   1%          2    None
e - Blink                 Tloc           N/A          1%          2    None
f - Insulation            Air/Chrm       #######...   1%          4    Strawberry
g - Recall                Tloc/Summ      N/A          1%          3    None
h - Deflect Missiles      Air/Chrm       #######...   17%         6    Honeycomb
i - Haste                 Chrm           #######..    10%         6    Honeycomb
j - Control Teleport      Chrm/Tloc      #######...   1%          4    Strawberry
k - Apportation           Tloc           #######...   1%          1    None
l - Summon Butterflies    Summ           #######..    1%          1    None
m - Silence               Air/Hex        #######...   1%          5    Choko

Dungeon Overview and Level Annotations

Branches:
Dungeon (27/27)            Temple (1/1) D:4             Orc (4/4) D:10
    Elf (5/5) Orc:4          Lair (8/8) D:10         Shoals (5/5) Lair:3
  Slime (6/6) Lair:7        Snake (5/5) Lair:5        Vault (8/8) D:19
  Blade (1/1) Vault:4       Crypt (5/5) Vault:3        Tomb (1/3) Crypt:3
   Hell (1/1)                 Dis (7/7) Hell            Geh (7/7) Hell
    Coc (7/7) Hell            Tar (7/7) Hell            Zot (5/5) D:27

Altars:
Ashenzari
Kikubaaqudgha
Makhleb
Nemelex Xobeh
Okawaru
Sif Muna
The Shining One
Trog
Vehumet
Xom
Jiyva

Shops:
D:7: ! D:14: ! D:26: * D:27: ? Orc:3: * Orc:4: =(=[ Elf:3: [ Shoals:5: * Snake:3: ? Snake:4: [ Vault:1: (

Portals:
Hell: D:21 D:22 D:23 D:24 D:25 D:26 D:27
Abyss: D:21 D:25
Pan: D:24

Annotations
D:14 !Nikola
Shoals:3 exclusion: oklob plant
Crypt:3 Mennas
Coc:7 Antaeus


Innate Abilities, Weirdness & Mutations

You can tolerate rotten meat.
You are agile (Dex +2).
Your vision is a little blurry.
Armour fits poorly on your strangely shaped body.
Your body is slowly deteriorating.
You digest meat inefficiently.
You have a fast metabolism.
You are very frail (-20% HP).
You heal slowly.


Message History

You slash the hellion!
The hellion convulses.
The hellion is moderately wounded.
You block the hellion's attack.
You slice the hellion!!
The hellion convulses!
You kill the hellion!
The Shining One accepts your kill.
You block the small abomination's attack.
You slice the small abomination!!
You destroy the small abomination!
The Shining One accepts your kill.
(D) Dungeon (T) Temple (O) Orcish Mines (E) Elven Halls (L) Lair (A) Shoals (M) Slime Pits (P) Snake Pit (V) Vaults (B) Hall of Blades (C) Crypt (W) Tomb (U) Hell (I) Dis (G) Gehenna (X) Cocytus (Y) Tartarus (Z) Zot
Where to? (Enter - D:1 @ (x,y), ? - help)
There is a staircase leading out of the dungeon here.
You can't go down here!
Are you sure you want to win?
You have escaped!

####### #<....#
#.....###
#<......##########
#..)..#...........
#@....#.##########
#######.#.........
#.................
#.####.##.##^.....
#.# #.##.##......
#.# #.##.##......
#.# #.##.##......
#.# #.##.##......
#.# #.##.##......


There were no monsters in sight!

Vanquished Creatures
  Gloorx Vloq (Pan)
  the royal jelly (Slime:6)
  The ghost of psch the Petrodigitator, a legendary DDEE of Makhleb (Zot:5)
  Dispater (Dis:7)
  3 orbs of fire
  6 ancient liches
  Saint Roka (Snake:2)
  Boris (Snake:5)
  A curse toe (Zot:3)
  Mara (D:18)
  13 pandemonium lords (Pan)
  Margery (Vault:5)
  5 golden dragons
  2 Killer Klowns
  Geryon (Hell)
  2 electric golems
  Frederick (Vault:1)
  19 Brimstone Fiends
  3 Pit Fiends
  10 liches
  Nikola (D:14)
  18 Orb Guardians
  5 titans
  3 ghost moths
  2 deep elf blademasters (Elf:5)
  12 shadow dragons
  A quicksilver dragon (Vault:7)
  24 Ice Fiends
  Kirke (Snake:2)
  8 acid blobs
  12 storm dragons
  Agnes (Snake:5)
  5 sphinxes
  Frances (Snake:5)
  A draconian monk (Zot:1)
  Aizul (D:19)
  Ilsuiw (Shoals:4)
  16 Shadow Fiends
  Donald (Snake:5)
  37 balrugs
  10 bone dragons
  14 frost giants
  11 draconian knights
  4 ghouls
  Wiglaf (D:19)
  22 fire giants
  2 draconian scorchers
  A draconian zealot (Zot:5)
  Louise (Snake:3)
  A quicksilver dragon zombie (Crypt:2)
  3 iron dragons (Dis:7)
  22 Executioners (Pan)
  5 azure jellies
  8 tentacled monstrosities
  An azure jelly (shapeshifter) (D:21)
  2 kraken zombies (Coc:7)
  3 draconian annihilators
  A quicksilver dragon skeleton (Crypt:4)
  3 draconian shifters
  24 cacodemons
  48 stone giants
  5 draconian callers
  4 grey draconians
  4 white draconians
  8 green draconians
  10 deep elf annihilators (Elf:5)
  4 mottled draconians
  7 greater nagas
  6 deep elf death magi
  6 yellow draconians
  7 purple draconians
  15 deep elf sorcerers
  7 pale draconians
  7 red draconians
  Azrael (Elf:1)
  13 Green Deaths
  A spriggan defender (D:18)
  36 reapers
  3 deep elf master archers (Elf:5)
  A titan zombie (Crypt:4)
  6 black draconians
  15 blizzard demons
  Snorg (Shoals:1)
  40 yaktaur captains
  An anaconda (shapeshifter) (Vault:7)
  2 anacondas
  13 ettins
  24 vault guards (Vault:7)
  A storm dragon zombie (Crypt:5)
  A mummy priest (Crypt:5)
  A minotaur (shapeshifter) (Vault:8)
  6 eidola
  3 sirens
  9 great orbs of eyes
  9 dragons
  9 death cobs
  11 ice dragons
  7 death oozes
  7 lorocyprocas (Pan)
  Erica (Lair:1)
  2 ice dragons (shapeshifter)
  Harold (Orc:1)
  Josephine (Shoals:1)
  A storm dragon skeleton (Coc:6)
  2 merfolk aquamancers
  4 merfolk javelineers
  Polyphemus (Shoals:1)
  2 anaconda zombies
  4 deep elf demonologists
  A kraken simulacrum (Coc:7)
  13 hydras
  2 golden dragon skeletons
  Nessos (D:15)
  4 spriggan druids
  4 shadow dragon zombies
  5 merfolk impalers
  19 ogre magi
  2 spriggan berserkers (D:18)
  A sphinx zombie (Vault:3)
  3 rakshasas
  7 deep elf high priests
  22 death yaks
  2 stone giant zombies
  A sphinx skeleton (Vault:2)
  8 shadow dragon skeletons
  4 very ugly things
  2 hell hogs (D:21)
  20 deep trolls
  Nergalle (D:14)
  3 iron dragon skeletons
  24 centaur warriors
  36 soul eaters
  37 sun demons
  The ghost of 0nan the Prestidigitator, an experienced SpEn of Nemelex Xobeh (D:10)
  A fire giant skeleton (Geh:7)
  5 iron golems
  11 stone giant skeletons
  2 death drakes (D:27)
  A death drake (shapeshifter) (Vault:8)
  21 hell knights
  39 ice devils
  6 iron trolls
  28 deep elf knights
  A titan simulacrum (Coc:3)
  4 vapours (Pan)
  117 skeletal warriors
  32 large abominations
  An alligator snapping turtle zombie (Crypt:5)
  17 shadow wraiths
  A black draconian zombie (Dis:4)
  46 orc knights
  A sea snake (shapeshifter) (Vault:8)
  3 draconians (shapeshifter)
  5 sea snakes
  Erolcha (Orc:1)
  A grey draconian zombie (Dis:7)
  A mottled draconian zombie (Crypt:4)
  A pale draconian zombie (Crypt:3)
  3 unseen horrors
  18 flayed ghosts
  3 hill giants (shapeshifter)
  20 naga warriors
  15 shadow demons
  2 yellow draconian zombies
  2 alligator snapping turtle skeletons
  A red draconian zombie (Coc:2)
  A white draconian zombie (Coc:6)
  13 giant amoebae
  An ice statue (Port)
  15 hill giants
  Pikel (D:8)
  2 crystal golems (Vault:7)
  3 flaming corpses (Dis:7)
  3 purple draconian skeletons
  4 wizards
  4 pale draconian skeletons
  2 lindwurms
  A hydra zombie (Crypt:1)
  2 white draconian skeletons
  A yellow draconian skeleton (Pan)
  15 necromancers
  A vampire mage (Tomb:1)
  19 hellions
  A siren zombie (Coc:1)
  A guardian serpent (shapeshifter) (D:19)
  4 green draconian skeletons
  3 grey draconian skeletons
  A shining eye (shapeshifter) (Vault:2)
  5 sea snake skeletons
  An iron troll skeleton (Vault:3)
  3 griffons
  5 orc sorcerers
  A red wasp (shapeshifter) (Vault:8)
  2 red wasps
  2 death drake zombies
  2 minotaur zombies
  5 shining eyes
  3 statues
  17 cyclopes
  A guardian serpent (Snake:3)
  A moth of wrath (shapeshifter) (Vault:8)
  A giant amoeba (shapeshifter) (D:17)
  2 humans (shapeshifter)
  A spiny worm (shapeshifter) (D:21)
  2 minotaur skeletons
  21 harpies
  4 spiny worms
  28 phantasmal warriors
  2 oklob plants (Lair:7)
  22 sixfirhies
  A griffon zombie (D:13)
  4 fire crabs
  2 ettin zombies
  2 stone golems (Vault:7)
  3 hydra skeletons
  19 black mambas
  An eye of devastation (shapeshifter) (Vault:8)
  24 moths of wrath
  A red wasp zombie (D:19)
  4 alligator zombies
  A trapdoor spider (shapeshifter) (Vault:8)
  3 dragon zombies
  2 siren skeletons
  9 ice dragon zombies
  2 trapdoor spiders
  2 elephant slugs
  18 feature mimics
  4 elf zombies (Elf:5)
  A guardian serpent skeleton (Crypt:3)
  A wolf spider (shapeshifter) (D:20)
  44 yaktaurs
  An ettin skeleton (D:21)
  62 orange demons
  4 wolf spiders
  105 slime creatures
  A rock troll (shapeshifter) (D:25)
  A queen ant (D:11)
  2 queen ant zombies
  21 elephants
  14 ice dragon skeletons
  23 tormentors
  10 mermaids
  69 hellwings
  An alligator skeleton (Crypt:5)
  A yaktaur (shapeshifter) (Vault:3)
  A dragon skeleton (Crypt:5)
  92 ugly things
  11 rock trolls
  7 spiny frogs
  7 efreeti
  A griffon skeleton (D:17)
  2 hill giant zombies
  29 spriggans
  75 smoke demons
  2 hill giant skeletons
  5 guardian mummies
  9 trolls
  An elf skeleton (Elf:5)
  32 naga magi
  5 redbacks
  12 komodo dragons
  2 spriggan skeletons
  4 human zombies
  7 wandering mushrooms (Zot:3)
  2 agate snail zombies
  Prince Ribbit (D:8)
  2 rock troll zombies
  8 raven skeletons
  17 polar bears (Port)
  7 silent spectres
  Sonja (D:16)
  A queen bee (shapeshifter) (D:16)
  47 two-headed ogres
  A baby alligator zombie (Dis:7)
  48 iron devils
  12 snapping turtles
  3 giant fireflies
  3 deep dwarf necromancers (Crypt:5)
  22 blink frogs
  2 demonic crawlers
  5 basilisks
  A rock troll skeleton (D:20)
  A baby alligator skeleton (Geh:3)
  6 brown oozes
  11 grizzly bears
  2 swamp dragon zombies
  A snapping turtle (shapeshifter) (Vault:8)
  A bumblebee (shapeshifter) (Vault:8)
  A blink frog zombie (Coc:7)
  32 blue devils
  5 sharks
  4 snapping turtle skeletons
  21 wraiths
  2 merfolk zombies
  28 metal gargoyles
  2 air elementals
  42 ynoxinuls
  A fire elemental (Elf:1)
  6 merfolk (shapeshifter)
  7 hungry ghosts
  A blink frog skeleton (D:24)
  2 swamp dragon skeletons
  68 yaks
  6 bumblebees (D:25)
  5 merfolk skeletons
  16 vampires
  Eustachio (D:10)
  14 hairy devils
  15 deep elf conjurers
  A fire drake (shapeshifter) (Vault:2)
  11 hell beasts
  8 fire crab zombies
  7 fire vortices
  A fire drake zombie (Geh:6)
  14 vampire mosquitoes
  8 war dogs
  12 golden eyes
  42 merfolk
  17 chaos spawn
  32 water elementals
  5 item mimics
  2 mermaid zombies
  63 neqoxecs
  3 spatial vortices (Geh:7)
  7 fire drakes
  11 hippogriffs
  12 manticores
  Edmund (D:7)
  A giant slug zombie (D:20)
  13 soldier ants
  3 yaktaur zombies
  A rock worm (D:20)
  29 deep elf fighters
  19 deep elf summoners
  A komodo dragon zombie (Crypt:1)
  A yaktaur skeleton (D:22)
  A jumping spider zombie (Crypt:3)
  39 red devils
  Menkaure (D:7)
  2 mottled dragons (D:19)
  A wyvern zombie (Crypt:5)
  20 necrophages
  A molten gargoyle (Geh:7)
  5 cyclops zombies
  2 jumping spiders (Crypt:5)
  28 freezing wraiths
  60 hell hounds
  A soldier ant (shapeshifter) (Vault:2)
  67 orc warriors
  A tengu (Abyss)
  17 deep elf priests
  40 small abominations
  32 ice beasts
  5 sky beasts (D:23)
  2 giant goldfish zombies (Coc:3)
  A hippogriff zombie (Geh:3)
  10 black bears
  2 yellow wasps
  3 troll zombies
  A yak skeleton (Geh:7)
  13 phantoms
  2 yak zombies
  2 bumblebee zombies
  91 ogres
  87 nagas
  2 polar bear skeletons
  3 shark zombies
  4 swamp drakes
  A boring beetle (Vault:6)
  4 crocodiles
  35 rotting devils
  21 deep elf magi
  15 giant goldfish
  A troll skeleton (Crypt:5)
  A hippogriff skeleton (Crypt:1)
  23 centaurs
  Sigmund (D:4)
  Duvessa (D:4)
  A naga (shapeshifter) (D:26)
  2 boulder beetle zombies
  6 giant slugs
  4 lava worms
  13 wargs
  A yellow wasp zombie (Crypt:4)
  26 water moccasins
  A giant frog zombie (D:13)
  52 wolves
  A basilisk zombie (D:17)
  A brain worm (D:17)
  A silver statue (Zot:5)
  2 water moccasin zombies
  2 centaur skeletons (Crypt:5)
  A giant leech (shapeshifter) (D:26)
  15 giant frogs
  13 agate snails
  3 octopode zombies
  2 soldier ant zombies
  Blork the orc (D:7)
  2 wolf skeletons
  A two-headed ogre skeleton (Crypt:3)
  2 water moccasin skeletons
  3 elves (shapeshifter)
  2 basilisk skeletons
  A black bear skeleton (Crypt:4)
  8 eyes of draining
  10 killer bees
  9 boulder beetles
  10 lava fish
  A warg skeleton (Geh:6)
  22 electric eels
  27 jellyfish
  102 wights
  2 boulder beetles (shapeshifter) (Vault:8)
  2 felid skeletons
  A crocodile zombie (D:18)
  2 dwarf zombies
  3 goliath beetles
  2 ogre zombies
  A pulsating lump (shapeshifter) (Vault:8)
  5 lava snakes
  2 big kobold skeletons
  An ogre skeleton (Geh:3)
  8 quasits
  A hound zombie (D:10)
  2 pulsating lumps
  A spider zombie (Dis:2)
  Dowan (D:4)
  A big kobold zombie (Crypt:3)
  A brain worm zombie (Coc:2)
  13 hounds
  A mottled dragon zombie (Geh:2)
  2 tengu zombies
  A mottled dragon skeleton (Crypt:5)
  9 spiders
  8 big fish
  9 scorpions
  A demigod skeleton (Crypt:3)
  45 shadows
  49 crimson imps
  34 orc priests
  51 iron imps
  A tengu skeleton (Tar:2)
  49 worker ants
  10 iguanas
  14 orange rats
  3 hound skeletons
  A gnoll shaman (D:7)
  A naga skeleton (Crypt:1)
  A worker ant zombie (Coc:7)
  55 deep elf soldiers
  6 orange rat zombies (Hell)
  11 porcupines
  40 orc wizards
  29 sheep
  An orange rat skeleton (Crypt:1)
  A swamp drake zombie (Crypt:2)
  2 worm zombies
  A steam dragon skeleton (Crypt:5)
  4 boggarts (D:19)
  18 jellies
  21 mummies
  98 flying skulls
  77 green rats
  44 midges
  83 lemures
  50 adders
  3 giant centipedes
  A giant centipede zombie (Crypt:1)
  11 gnolls
  A halfling zombie (Coc:7)
  An iguana zombie (D:14)
  A sheep zombie (Crypt:4)
  2 adder zombies
  A halfling skeleton (Geh:3)
  A porcupine zombie (Coc:3)
  27 shadow imps
  3 sheep skeletons
  2 giant mites
  2 iguana skeletons
  80 white imps
  9 worms
  202 ufetubi
  6 grey rats
  2 bat skeletons
  A bat zombie (D:11)
  10 giant eyeballs
  A gnoll zombie (Crypt:3)
  7 giant geckos
  A gnoll skeleton (Coc:7)
  A green rat skeleton (Crypt:5)
  A green rat zombie (Geh:7)
  10 oozes
  270 orcs
  34 goblins
  28 hobgoblins
  29 jackals
  21 kobolds
  15 quokkas
  7 ant larvae (D:18)
  4 ball pythons
  A ball python skeleton (D:19)
  51 bats
  8 giant cockroaches
  2 giant cockroach zombies
  A giant gecko skeleton (D:6)
  2 giant gecko zombies
  8 giant newts
  A grey rat skeleton (Geh:7)
  2 hobgoblin skeletons
  2 illusory rakshasas (D:19)
  2 jackal skeletons
  2 kobold skeletons
  A kobold zombie (Dis:1)
  3 orc skeletons
  4 orc zombies
  A quokka skeleton (Geh:5)
  49 rats
  2 rat skeletons
  A rat zombie (Crypt:5)
  2 spectral orcs (D:14)
  2 butterflies
  A crawling corpse (Elf:1)
  A fungus (Lair:5)
  21 plants
  8 tentacles (Coc:7)
  21 toadstools
6051 creatures vanquished.

Vanquished Creatures (collateral kills)
  Asmodeus (Geh:7)
  Ereshkigal (Tar:7)
  3 pandemonium lords
  Lom Lobon (Pan)
  the Serpent of Hell (Geh:7)
  5 Brimstone Fiends
  3 Pit Fiends (Pan)
  2 shadow dragons (Tar:7)
  2 titans (Pan)
  3 Ice Fiends
  10 Shadow Fiends
  A storm dragon (Pan)
  4 balrugs
  4 Executioners (Pan)
  A kraken zombie (Coc:7)
  A tentacled monstrosity (Pan)
  2 cacodemons (Pan)
  2 draconian annihilators (Pan)
  2 fire giants
  2 deep elf annihilators (Pan)
  A Green Death (Pan)
  A blizzard demon (Pan)
  3 reapers
  An ice dragon (Coc:7)
  2 shadow dragon zombies (Tar:7)
  A shadow dragon skeleton (Tar:7)
  A fire giant skeleton (Pan)
  2 centaur warriors (Pan)
  3 soul eaters
  A shadow wraith (Pan)
  3 ice devils
  11 skeletal warriors
  4 sun demons
  4 large abominations
  4 shadow demons
  A naga warrior (Pan)
  A yellow draconian skeleton (Geh:7)
  A green draconian skeleton (Pan)
  2 orc knights (Pan)
  3 hellions
  A cyclops (Pan)
  4 sixfirhies (Pan)
  2 tormentors
  6 orange demons (Pan)
  A hellwing (Pan)
  7 smoke demons
  An iron devil (Dis:7)
  3 efreeti (Geh:7)
  5 demonic crawlers (Pan)
  A hydra simulacrum (Pan)
  A wraith (Tar:7)
  2 hairy devils
  2 blue devils
  3 neqoxecs (Pan)
  A vampire (Tar:7)
  4 chaos spawn
  4 ynoxinuls (Pan)
  A hungry ghost (Tar:7)
  6 fire vortices (Geh:7)
  2 hell hound zombies (Tar:7)
  A red devil (Pan)
  A necrophage (Tar:7)
  A small abomination (Pan)
  5 hell hounds (Tar:7)
  An ice beast (Coc:7)
  4 rotting devils
  A lava worm (Geh:7)
  A jumping spider simulacrum (Tar:7)
  An earth elemental (Pan)
  3 wights (Tar:7)
  3 jellyfish (Coc:7)
  4 lava snakes (Geh:7)
  A shadow (Tar:7)
  4 iron imps (Pan)
  4 orange rats (Geh:7)
  A mummy (Coc:7)
  10 flying skulls
  A midge (Pan)
  3 lemures (Pan)
  2 green rats (Geh:7)
  6 white imps (Pan)
  5 shadow imps
  12 ufetubi (Pan)
  4 grey rats
  4 bats
  A rat (Geh:7)
  2 tentacles (Coc:7)
244 creatures vanquished.

Vanquished Creatures (others)
  2 eldritch tentacles
  15 daevas
  24 angels
  2 stone giants
  A phoenix (Pan)
  A white draconian (Zot:5)
  2 purple draconians (D:27)
  A titan skeleton (Crypt:5)
  8 ball lightnings (Pan)
  A shadow wraith (Hell)
  4 holy swine (Pan)
  2 skeletal warriors (Crypt:3)
  A deep elf knight (D:24)
  A shadow demon (Tar:7)
  A lindwurm (D:27)
  A death yak skeleton (Crypt:5)
  A large abomination (Pan)
  A hill giant (Crypt:5)
  A sixfirhy (Pan)
  A minotaur skeleton (Crypt:5)
  41 slime creatures
  A naga mage (Snake:5)
  2 hellwings (Pan)
  A queen ant (D:18)
  4 orange demons (Pan)
  A human (Snake:2)
  2 two-headed ogres
  A chaos spawn (Pan)
  A hairy devil (Dis:4)
  A ynoxinul (Pan)
  A merfolk (Shoals:4)
  2 fire drakes
  A fire crab zombie (Geh:7)
  2 deep elf conjurers
  A hell hound (Pan)
  2 small abominations (Pan)
  2 ogres
  An orc warrior (Pan)
  3 swamp drakes
  A troll skeleton (Crypt:5)
  A crocodile (Lair:7)
  A rotting devil (Pan)
  A naga (Snake:5)
  A deep elf mage (Elf:5)
  A jellyfish (D:11)
  6 wights
  An electric eel (D:20)
  A hound (D:8)
  2 iron imps (Pan)
  2 deep elf soldiers (Elf:5)
  A scorpion (Pan)
  An orc wizard (D:20)
  An orange rat (D:10)
  A boggart (Vault:2)
  4 mummies
  An adder (Snake:2)
  2 green rats
  6 lemures (Pan)
  5 flying skulls
  2 white imps (Pan)
  A midge (Pan)
  4 shadow imps (Pan)
  An adder zombie (Crypt:4)
  7 ufetubi
  7 orcs
  A goblin (D:10)
  A hobgoblin (D:7)
  A giant newt (D:1)
  A kobold (D:8)
  A rat (D:10)
  A bush (Lair:3)
  178 eldritch tentacle segments
  5 fungi
  5 plants
  12 tentacles (Coc:7)
  638 tentacle segments (Coc:7)
  61 toadstools
1108 creatures vanquished.

Grand Total: 7403 creatures vanquished

Notes
Turn   | Place    | Note
--------------------------------------------------------------
     0 | D:1      | Homard, the Hill Orc Fighter, began the quest for the Orb.
     0 | D:1      | Reached XP level 1. HP: 19/19 MP: 0/0
   272 | D:1      | Reached XP level 2. HP: 26/26 MP: 1/1
   702 | D:1      | Reached XP level 3. HP: 33/33 MP: 2/2
   950 | D:2      | Reached skill level 4 in Fighting
  1228 | D:2      | Found a glowing golden altar of the Shining One.
  1351 | D:2      | Reached XP level 4. HP: 33/40 MP: 3/3
  1610 | D:3      | Reached skill level 1 in Dodging
  1820 | D:3      | Reached XP level 5. HP: 34/46 MP: 4/4
  3044 | D:4      | Found a staircase to the Ecumenical Temple.
  3050 | Temple   | Entered the Ecumenical Temple
  3054 | Temple   | Became a worshipper of Warmaster Okawaru
  3092 | D:4      | Reached XP level 6. HP: 42/53 MP: 5/5
  3414 | D:4      | Reached skill level 5 in Axes
  3414 | D:4      | Reached skill level 5 in Shields
  3691 | D:4      | Reached XP level 7. HP: 38/59 MP: 6/6
  3848 | D:4      | Noticed Duvessa
  3848 | D:4      | Noticed Dowan
  3998 | D:4      | Killed Dowan
  4294 | D:4      | Acquired Okawaru's first power
  4475 | D:4      | Killed Duvessa
  4475 | D:4      | Reached skill level 6 in Axes
  4475 | D:4      | Reached skill level 5 in Armour
  4730 | D:4      | Noticed Sigmund
  4748 | D:4      | Killed Sigmund
  4975 | D:5      | Entered Level 5 of the Dungeon
  5021 | D:5      | Reached XP level 8. HP: 67/67 MP: 7/7
  5330 | D:5      | Reached skill level 7 in Axes
  5727 | D:6      | Got a crystal sword
  5728 | D:6      | Identified the sword of Jihad {holy, *Rage rN+ MR EV+3 Stlth--} (You found it on level 6 of the Dungeon)
  6214 | D:6      | Found a bloodstained altar of Trog.
  6329 | D:6      | Reached skill level 8 in Axes
  6466 | D:7      | Reached XP level 9. HP: 34/73 MP: 6/8
  6678 | D:7      | Got a distressingly furry robe
  6690 | D:7      | Noticed Menkaure
  6696 | D:7      | Killed Menkaure
  6885 | D:7      | Identified the +2 robe of Tript (You found it on level 7 of the Dungeon)
  7301 | D:7      | Reached skill level 5 in Fighting
  7495 | D:7      | Found Mabla's Distillery.
  7505 | D:7      | Bought a potion of heal wounds for 39 gold pieces
  7505 | D:7      | Bought a potion of curing for 26 gold pieces
  7505 | D:7      | Bought a potion of heal wounds for 39 gold pieces
  7505 | D:7      | Bought 2 potions of might for 65 gold pieces
  7505 | D:7      | Bought a potion of heal wounds for 39 gold pieces
  7661 | D:7      | Noticed Blork the orc
  7670 | D:7      | Killed Blork the orc
  7818 | D:7      | Reached skill level 9 in Axes
  7908 | D:7      | Found a bloodstained altar of Trog.
  7945 | D:7      | Noticed Edmund
  7967 | D:7      | Killed Edmund
  8634 | D:8      | Noticed Pikel
  8645 | D:8      | Killed Pikel
  8645 | D:8      | Reached skill level 10 in Axes
  8645 | D:8      | Reached XP level 10. HP: 81/83 MP: 9/9
  8744 | D:8      | Noticed Prince Ribbit
  8750 | D:8      | Killed Prince Ribbit
  8883 | D:8      | Acquired Okawaru's second power
  9423 | D:9      | Found a shattered altar of Ashenzari.
  9530 | D:9      | Identified a +2 pair of elven boots of running (You found it on level 9 of the Dungeon)
  9879 | D:10     | Entered Level 10 of the Dungeon
  9881 | D:10     | Noticed 0nan's ghost (experienced SpEn)
  9944 | D:9      | Reached skill level 11 in Axes
 10002 | D:10     | Killed 0nan's ghost
 10245 | D:10     | Reached skill level 12 in Axes
 10245 | D:10     | Reached XP level 11. HP: 84/91 MP: 2/10
 10262 | D:10     | Noticed Eustachio
 10302 | D:10     | Killed Eustachio
 10490 | D:10     | Noticed a yaktaur captain
 10522 | D:10     | Killed a yaktaur captain
 10522 | D:10     | Reached skill level 13 in Axes
 10709 | D:10     | Received a gift from Okawaru
 10721 | D:10     | Got a pair of shimmering boots {god gift}
 10725 | D:10     | Identified the +1 pair of boots of the Garden {god gift} (Okawaru gifted it to you on level 10 of the Dungeon)
 10823 | D:10     | Found a staircase to the Orcish Mines.
 10827 | D:10     | Found a staircase to the Lair.
 10842 | Orc:1    | Entered Level 1 of the Orcish Mines
 10981 | Lair:1   | Entered Level 1 of the Lair of Beasts
 11199 | D:10     | Reached skill level 10 in Shields
 11375 | Lair:1   | Noticed Erica
 11401 | Lair:1   | Killed Erica
 11401 | Lair:1   | Reached skill level 14 in Axes
 11401 | Lair:1   | Reached skill level 1 in Spellcasting
 11401 | Lair:1   | Reached XP level 12. HP: 102/102 MP: 4/14
 11893 | Lair:1   | Got a pair of twisted gloves
 11897 | Lair:1   | Identified the -1 pair of gloves "Stuez" (You found it on level 1 of the Lair of Beasts)
 11993 | Lair:1   | Reached skill level 10 in Fighting
 12436 | Lair:2   | Reached skill level 10 in Armour
 13647 | Lair:3   | Found a staircase to the Shoals.
 13698 | Shoals:1 | Entered Level 1 of the Shoals
 13698 | Shoals:1 | Noticed Josephine
 13717 | Shoals:1 | Killed Josephine
 13717 | Shoals:1 | Reached skill level 15 in Axes
 15031 | Lair:4   | Reached XP level 13. HP: 80/111 MP: 21/21
 15669 | Lair:4   | Received a gift from Okawaru
 15673 | Lair:4   | Got a night blue bow {god gift}
 15674 | Lair:4   | Identified the storm bow {god gift, elec} (Okawaru gifted it to you on level 4 of the Lair of Beasts)
 16585 | Lair:5   | Found a staircase to the Snake Pit.
 16648 | Snake:1  | Entered Level 1 of the Snake Pit
 16707 | Lair:5   | Reached skill level 16 in Axes
 17342 | Lair:6   | Received a gift from Okawaru
 19470 | Lair:6   | Reached skill level 17 in Axes
 20000 | Lair:7   | Got a forked whip
 20012 | Lair:7   | Identified the whip "Snakebite" {venom, rPois} (You found it on level 7 of the Lair of Beasts)
 20208 | Lair:7   | Reached skill level 5 in Spellcasting
 20288 | Lair:7   | Reached XP level 14. HP: 107/122 MP: 24/24
 20487 | Lair:7   | Found a staircase to the Slime Pits.
 20846 | Lair:8   | Entered Level 8 of the Lair of Beasts
 21377 | Orc:1    | Received a gift from Okawaru
 21380 | Orc:1    | Got a faintly glowing sling {god gift}
 21381 | Orc:1    | Identified the sling of Cocytus {god gift, flame, *TELE Str+3 Int+1} (Okawaru gifted it to you on level 1 of the Orcish Mines)
 21873 | Orc:1    | Noticed Erolcha
 21887 | Orc:1    | Killed Erolcha
 21980 | Orc:1    | Noticed Harold
 21992 | Orc:1    | Killed Harold
 22364 | Orc:3    | Noticed an ettin
 22462 | Orc:2    | Received a gift from Okawaru
 22466 | Orc:2    | Found a frozen archway.
 22472 | IceCv    | Entered an ice cave
 23012 | IceCv    | Got a flickering jade ring
 23016 | IceCv    | Identified the ring of Existentialism (You found it in an ice cave)
 23653 | IceCv    | Got a droning book
 23658 | IceCv    | Identified Sif Muna's Incunabulum of Earthen Displacement (You found it in an ice cave)
 24067 | Orc:4    | Entered Level 4 of the Orcish Mines
 24067 | Orc:4    | Found a staircase to the Elven Halls.
 24068 | Orc:4    | Received a gift from Okawaru
 24096 | Elf:1    | Entered Level 1 of the Elven Halls
 24152 | Orc:3    | Killed an ettin
 24441 | Orc:3    | Found Wiewk's Assorted Antiques.
 24879 | Orc:3    | Reached XP level 15. HP: 126/132 MP: 27/27
 25353 | Orc:4    | Noticed a two-headed ogre
 25353 | Orc:4    | Noticed a two-headed ogre
 25353 | Orc:4    | Noticed a two-headed ogre
 25353 | Orc:4    | Noticed a two-headed ogre
 25353 | Orc:4    | Noticed a two-headed ogre
 25361 | Orc:4    | Noticed a two-headed ogre
 25362 | Orc:4    | Noticed an ogre mage
 25878 | Lair:8   | Received a gift from Okawaru
 26425 | Lair:8   | Reached skill level 15 in Armour
 27859 | Lair:8   | Received a gift from Okawaru
 27863 | Lair:8   | Got a faintly humming robe {god gift}
 27877 | Lair:8   | Identified the +0 robe of Daffodils {god gift} (Okawaru gifted it to you on level 8 of the Lair of Beasts)
 28333 | D:11     | Got a heavily runed helmet
 28346 | D:11     | Identified the +1 helmet of Death Resistance (You found it on level 11 of the Dungeon)
 28508 | D:11     | Reached XP level 16. HP: 138/143 MP: 29/29
 29321 | D:12     | Reached skill level 15 in Fighting
 29791 | D:12     | Found an ancient bone altar of Kikubaaqudgha.
 29921 | D:12     | Received a gift from Okawaru
 30606 | D:13     | Noticed a deep elf fighter
 30614 | D:13     | Killed a deep elf fighter
 30635 | D:13     | Noticed a deep elf fighter
 30643 | D:13     | Killed a deep elf fighter
 31207 | D:13     | Noticed a deep elf fighter
 31218 | D:13     | Noticed a deep elf knight
 31221 | D:13     | Noticed a deep elf knight
 31221 | D:13     | Killed a deep elf fighter
 31223 | D:13     | Noticed a deep elf fighter
 31228 | D:13     | Killed a deep elf knight
 31231 | D:13     | Killed a deep elf knight
 31233 | D:13     | Killed a deep elf fighter
 31256 | D:13     | Noticed a deep elf fighter
 31265 | D:13     | Killed a deep elf fighter
 31308 | D:13     | Noticed a deep elf knight
 31320 | D:13     | Killed a deep elf knight
 31360 | D:13     | Noticed a deep elf knight
 31387 | D:13     | Killed a deep elf knight
 31420 | D:13     | Noticed a deep elf mage
 31420 | D:13     | Noticed a deep elf conjurer
 31422 | D:13     | Killed a deep elf conjurer
 31424 | D:13     | Killed a deep elf mage
 31822 | Orc:3    | Killed a two-headed ogre
 31832 | Orc:3    | Killed a two-headed ogre
 31854 | Orc:4    | Killed a two-headed ogre
 31858 | Orc:4    | Noticed a two-headed ogre
 31874 | Orc:3    | Killed a two-headed ogre
 31879 | Orc:3    | Killed a two-headed ogre
 31904 | Orc:4    | Killed an ogre mage
 31957 | Orc:4    | Killed a two-headed ogre
 32056 | Orc:4    | Killed a two-headed ogre
 32163 | Orc:4    | Noticed a two-headed ogre
 32168 | Orc:4    | Killed a two-headed ogre
 32170 | Orc:4    | Noticed a two-headed ogre
 32178 | Orc:4    | Killed a two-headed ogre
 32188 | Orc:4    | Found Koucs' Weapon Shop.
 32189 | Orc:4    | Found Juimur's Jewellery Emporium.
 32189 | Orc:4    | Found Wun Agur's Armour Shoppe.
 32190 | Orc:4    | Found Cloupreg's Jewellery Shop.
 32192 | Orc:4    | Noticed a two-headed ogre
 32200 | Orc:4    | Killed a two-headed ogre
 32212 | Orc:4    | Noticed an ogre mage
 32222 | Orc:4    | Noticed a two-headed ogre
 32222 | Orc:4    | Noticed a two-headed ogre
 32226 | Orc:4    | Killed an ogre mage
 32231 | Orc:4    | Killed a two-headed ogre
 32242 | Orc:4    | Killed a two-headed ogre
 32251 | Orc:4    | Received a gift from Okawaru
 32278 | Orc:4    | Noticed an ogre mage
 32293 | Orc:4    | Noticed a two-headed ogre
 32294 | Orc:4    | Killed an ogre mage
 32301 | Orc:4    | Killed a two-headed ogre
 32352 | Orc:4    | Bought the +5 shield of Resistance {rF+ rC+ MR} for 1698 gold pieces
 32436 | Orc:4    | Noticed an ogre mage
 32443 | Orc:4    | Killed an ogre mage
 32597 | Orc:4    | Found a deep blue altar of Sif Muna.
 32725 | Elf:1    | Noticed Azrael
 32740 | Elf:1    | Killed Azrael
 32809 | Elf:1    | Found a portal to a secret trove of treasure.
 33050 | Elf:1    | Noticed an orc knight
 33073 | Elf:1    | Killed an orc knight
 33107 | Elf:1    | Reached XP level 17. HP: 115/152 MP: 27/31
 33209 | Elf:1    | Got a polished chain mail
 33455 | Elf:1    | Got a pitted steel ring
 33626 | Orc:3    | Bought a scroll of enchant weapon II for 143 gold pieces
 33626 | Orc:3    | Bought a scroll of identify for 52 gold pieces
 33626 | Orc:3    | Bought a scroll labeled ACKISA NIDE for 26 gold pieces
 33630 | Orc:3    | Identified the ring "Xedir" (You found it on level 1 of the Elven Halls)
 33770 | Elf:1    | Reached skill level 18 in Armour
 34583 | Elf:4    | Received a gift from Okawaru
 34632 | Elf:4    | Noticed an orc priest
 34644 | Elf:4    | Killed an orc priest
 34795 | Elf:4    | Noticed an orc priest
 34798 | Elf:4    | Killed an orc priest
 34908 | Elf:5    | Entered Level 5 of the Elven Halls
 35742 | Elf:3    | Found Pnimer's Antique Armour Shoppe.
 38321 | Snake:2  | Noticed Kirke
 38350 | Snake:2  | Killed Kirke
 38352 | Snake:2  | Received a gift from Okawaru
 38537 | Snake:2  | Noticed Saint Roka
 38569 | Snake:2  | Killed Saint Roka
 38569 | Snake:2  | Reached skill level 19 in Armour
 38579 | Snake:2  | Reached XP level 18. HP: 149/163 MP: 28/33
 38838 | Snake:3  | Found Tholucav's Magic Scroll Shoppe.
 39264 | Snake:3  | Reached XP level 17. HP: 155/155 MP: 32/32
 39267 | Snake:3  | Received a gift from Okawaru
 39267 | Snake:3  | Reached XP level 18. HP: 149/165 MP: 33/33
 39269 | Snake:3  | Reached XP level 17. HP: 146/155 MP: 32/32
 39293 | Snake:3  | Noticed Louise
 39308 | Snake:3  | Killed Louise
 39308 | Snake:3  | Reached XP level 18. HP: 149/165 MP: 26/33
 39903 | Snake:4  | Paralysed by you for 3 turns
 39988 | Snake:4  | Found Sinanium's Armour Shop.
 40206 | Snake:5  | Entered Level 5 of the Snake Pit
 40229 | Snake:5  | Noticed Donald
 40244 | Snake:5  | Killed Donald
 40270 | Snake:5  | Noticed Agnes
 40277 | Snake:5  | Killed Agnes
 40314 | Snake:5  | Noticed Frances
 40345 | Snake:5  | Killed Frances
 40791 | Snake:5  | Reached skill level 10 in Spellcasting
 40846 | Snake:5  | Noticed Boris
 40866 | Snake:5  | Killed Boris
 41730 | Snake:5  | Received a gift from Okawaru
 42465 | Snake:5  | Reached skill level 20 in Armour
 42878 | Snake:5  | Reached XP level 19. HP: 160/177 MP: 34/34
 43183 | Snake:5  | Got a serpentine rune of Zot
 43701 | Lair:1   | Learned a level 3 spell: Flight
 43730 | Lair:1   | Gained mutation: You are agile (Dex +1).
 43731 | Lair:1   | Gained mutation: You are agile (Dex +2).
 43829 | D:14     | Entered Level 14 of the Dungeon
 44058 | D:14     | Reached skill level 1 in Charms
 44058 | D:14     | Reached skill level 1 in Air Magic
 44100 | D:14     | Found Satsos' Distillery.
 44120 | D:14     | Noticed Nergalle
 44127 | D:14     | Killed Nergalle
 44199 | D:14     | Noticed Nikola
 44261 | D:15     | Entered Level 15 of the Dungeon
 44595 | D:15     | Received a gift from Okawaru
 44738 | D:15     | Noticed Nessos
 44753 | D:15     | Killed Nessos
 45300 | D:16     | Found a shimmering altar of Xom.
 45314 | D:16     | Noticed Sonja
 45318 | D:16     | Killed Sonja
 47201 | D:17     | Reached XP level 20. HP: 189/189 MP: 35/35
 47639 | D:18     | Received a gift from Okawaru
 47646 | D:18     | Got an encrusted demon blade {god gift}
 47649 | D:18     | Identified the demon blade "Nelliq" {god gift, flame, rF+ Int+3} (Okawaru gifted it to you on level 18 of the Dungeon)
 47742 | D:18     | Noticed Mara
 47761 | D:18     | Killed Mara
 48866 | D:18     | Got a glistering book
 48952 | D:18     | Identified the Disquisition on Talismans (You found it on level 18 of the Dungeon)
 49091 | D:19     | Noticed Aizul
 49109 | D:19     | Killed Aizul
 49109 | D:19     | Reached skill level 5 in Charms
 49636 | D:19     | Noticed a guardian serpent
 49642 | D:19     | Killed a guardian serpent
 49652 | D:19     | Found a staircase to the Vaults.
 49685 | D:19     | Received a gift from Okawaru
 49699 | Vault:1  | Entered Level 1 of the Vaults
 50008 | D:19     | Noticed Wiglaf
 50029 | D:19     | Killed Wiglaf
 50029 | D:19     | Reached skill level 5 in Air Magic
 50029 | D:19     | Reached XP level 21. HP: 200/200 MP: 29/36
 50425 | D:20     | Entered Level 20 of the Dungeon
 51101 | D:20     | Received a gift from Okawaru
 51185 | D:20     | Reached skill level 21 in Fighting
 51193 | D:20     | Noticed a titan
 51211 | D:20     | Killed a titan
 52355 | D:20     | Noticed a tentacled monstrosity
 52397 | D:20     | Killed a tentacled monstrosity
 52774 | D:20     | Got a warped robe
 52857 | D:20     | Got a faintly glowing steel amulet
 52869 | D:20     | Got an ominously black robe
 52872 | D:20     | Got a pitted short sword
 52874 | D:20     | Identified the short sword of Asteamm {speed, rN+ SInv} (You found it on level 20 of the Dungeon)
 53235 | D:21     | Found a gateway to Hell.
 53287 | D:21     | Found a one-way gate to the infinite horrors of the Abyss.
 53429 | D:21     | Received a gift from Okawaru
 53656 | D:21     | Reached XP level 22. HP: 205/212 MP: 36/36
 54663 | D:22     | Identified the amulet of the Tempest (You found it on level 20 of the Dungeon)
 55047 | D:22     | Received a gift from Okawaru
 55216 | D:22     | Reached skill level 22 in Fighting
 55438 | D:23     | Got a crystal scimitar
 55440 | D:23     | Identified the scimitar of the Pure Suns {drain, -TELE rC++} (You found it on level 23 of the Dungeon)
 56189 | D:23     | Reached skill level 1 in Traps & Doors
 56526 | Vault:1  | Noticed Frederick
 56542 | Vault:1  | Killed Frederick
 56554 | Vault:1  | Received a gift from Okawaru
 56561 | Vault:1  | Got an ichor-stained hand axe {god gift}
 56562 | Vault:1  | Identified the hand axe "Dragon's Death Toll" {god gift, freeze, rC+ Str-1 Int+3 Stlth++} (Okawaru gifted it to you on level 1 of the Vaults)
 56848 | Vault:1  | Found Qaqotwav's Weapon Shop.
 57165 | Vault:1  | Reached skill level 5 in Traps & Doors
 57636 | Vault:2  | Reached XP level 23. HP: 211/223 MP: 36/36
 57711 | Vault:2  | Received a gift from Okawaru
 57722 | Vault:2  | Got a pair of ancient boots {god gift}
 57726 | Vault:2  | Identified the +1 pair of boots of the Wilderness {god gift} (Okawaru gifted it to you on level 2 of the Vaults)
 57819 | Vault:2  | Got an encrusted chain mail
 57849 | Vault:2  | Identified the +6 chain mail of Servitude (You found it on level 2 of the Vaults)
 58548 | Vault:2  | Noticed a shining eye
 58548 | Vault:2  | a snapping turtle changed into a shining eye
 58565 | Vault:2  | Killed a shining eye
 58566 | Vault:2  | Paralysed by a giant eyeball for 3 turns
 59034 | D:18     | Reached skill level 10 in Traps & Doors
 59196 | D:14     | Got a steaming broad axe
 59232 | D:14     | Killed Nikola
 59305 | D:14     | Identified the cursed broad axe of Sloth {slay orc, Str+2 Int+2} (You found it on level 14 of the Dungeon)
 59714 | Shoals:1 | Noticed Snorg
 59727 | Shoals:1 | Killed Snorg
 59974 | Shoals:1 | Noticed Polyphemus
 60085 | Shoals:1 | Killed Polyphemus
 60765 | Shoals:3 | Received a gift from Okawaru
 60805 | Shoals:3 | Found a glowing golden altar of the Shining One.
 60964 | Shoals:3 | Learned a level 3 spell: Abjuration
 61072 | Shoals:3 | Reached skill level 1 in Summonings
 61709 | Shoals:4 | Reached XP level 24. HP: 209/234 MP: 37/37
 61814 | Shoals:5 | Entered Level 5 of the Shoals
 61814 | Shoals:5 | Found Isituirph's General Store.
 61817 | Shoals:5 | Noticed Ilsuiw
 62274 | Shoals:4 | Killed Ilsuiw
 62483 | Shoals:5 | Bought a scroll of identify for 26 gold pieces
 62585 | Shoals:5 | Learned a level 2 spell: Swiftness
 62589 | Shoals:5 | Learned a level 2 spell: Repel Missiles
 62823 | Shoals:5 | Reached skill level 23 in Fighting
 62884 | Shoals:5 | Got a barnacled rune of Zot
 63148 | Shoals:5 | Received a gift from Okawaru
 63155 | Shoals:5 | Got a brightly glowing shield {god gift}
 63180 | Shoals:5 | Learned a level 2 spell: Blink
 63207 | Shoals:5 | Identified the +1 shield of Okawaru's Displeasure {god gift} (Okawaru gifted it to you on level 5 of the Shoals)
 63286 | Shoals:5 | Found a radiant altar of Vehumet.
 63713 | Slime:1  | Entered Level 1 of the Pits of Slime
 63975 | Lair:1   | Identified a +3 rod of summoning (11/11) (You found it on level 5 of the Shoals)
 65042 | Elf:5    | Noticed a deep elf blademaster
 65048 | Elf:5    | Killed a deep elf blademaster
 65048 | Elf:5    | Reached skill level 5 in Summonings
 65189 | Elf:5    | Noticed a deep elf master archer
 65231 | Elf:5    | Killed a deep elf master archer
 67010 | Elf:5    | Noticed a deep elf master archer
 67054 | Elf:5    | Killed a deep elf master archer
 67245 | Elf:5    | Got a faintly glowing trident
 67381 | Elf:5    | Noticed a deep elf master archer
 67397 | Elf:5    | Killed a deep elf master archer
 67623 | Elf:5    | Noticed a deep elf blademaster
 67633 | Elf:5    | Killed a deep elf blademaster
 67769 | Elf:5    | Got an ancient plate armour
 67847 | Elf:5    | Got a faintly humming helmet
 67853 | Elf:5    | Got a slimy pewter ring
 67854 | Elf:5    | Identified the ring of Pride (You found it on level 5 of the Elven Halls)
 67871 | Elf:5    | Identified the +2 helmet of the Snail (You found it on level 5 of the Elven Halls)
 67895 | Elf:5    | Identified the +5 plate armour "Mniymeot" (You found it on level 5 of the Elven Halls)
 68656 | Vault:3  | Noticed a deep elf priest
 68683 | Vault:3  | Killed a deep elf priest
 68947 | Vault:3  | Received a gift from Okawaru
 69303 | Vault:3  | Reached skill level 1 in Translocations
 69382 | Vault:3  | Found a staircase to the Crypt.
 69411 | Crypt:1  | Entered Level 1 of the Crypt
 69553 | Vault:4  | Found a staircase to the Hall of Blades.
 69601 | Blade    | Entered the Hall of Blades
 69799 | Vault:4  | Received a gift from Okawaru
 70102 | Vault:4  | Reached skill level 24 in Fighting
 70312 | Vault:5  | Noticed Margery
 70325 | Vault:5  | Killed Margery
 70325 | Vault:5  | Reached XP level 25. HP: 199/247 MP: 37/37
 70707 | Vault:5  | Found Ixtuqeaf's Food Boutique.
 71594 | Vault:6  | Received a gift from Okawaru
 71663 | Vault:6  | Reached skill level 5 in Translocations
 72404 | Lair:1   | Learned a level 4 spell: Insulation
 73287 | Vault:7  | Noticed a crystal golem
 73289 | Vault:7  | Noticed a crystal golem
 73379 | Vault:7  | Killed a crystal golem
 73405 | Vault:7  | Killed a crystal golem
 73446 | Vault:7  | Got an ichor-stained mace
 73489 | Vault:7  | Identified the cursed mace of Wounding {crush, MR} (You found it on level 7 of the Vaults)
 73842 | Vault:8  | Entered Level 8 of the Vaults
 73935 | Vault:8  | Noticed a deep elf sorcerer
 73961 | Vault:7  | Reached XP level 26. HP: 187/259 MP: 38/38
 74305 | Vault:8  | Noticed a quicksilver dragon
 74310 | Vault:8  | Killed a deep elf sorcerer
 74610 | Vault:7  | Killed a quicksilver dragon
 74610 | Vault:7  | Reached skill level 25 in Fighting
 75079 | D:24     | Found a one-way gate leading to the halls of Pandemonium.
 75328 | D:24     | Reached skill level 1 in Invocations
 75345 | D:24     | Reached skill level 1 in Evocations
 75403 | D:24     | Received a gift from Okawaru
 75759 | D:24     | Paralysed by a great orb of eyes for 7 turns
 75859 | D:25     | Entered Level 25 of the Dungeon
 75992 | D:25     | Reached skill level 10 in Charms
 76913 | D:26     | Found Nasolokk's Assorted Antiques.
 76982 | D:26     | Noticed a deep elf sorcerer
 76987 | D:26     | Killed a deep elf sorcerer
 76987 | D:26     | Reached skill level 5 in Invocations
 77453 | D:26     | Noticed a deep elf priest
 77462 | D:26     | Killed a deep elf priest
 77762 | D:26     | Reached XP level 27. HP: 265/270 MP: 38/38
 77794 | D:26     | Noticed a deep elf death mage
 77799 | D:26     | Killed a deep elf death mage
 77888 | D:26     | Reached skill level 5 in Evocations
 78014 | D:26     | Reached XP level 26. HP: 196/261 MP: 29/38
 78019 | D:26     | Reached XP level 27. HP: 204/271 MP: 30/38
 78528 | D:27     | Entered Level 27 of the Dungeon
 78762 | D:27     | Noticed a deep elf priest
 78764 | D:27     | Noticed a deep elf priest
 78774 | D:27     | Killed a deep elf priest
 78777 | D:27     | Killed a deep elf priest
 78891 | D:27     | Found a sparkling altar of Nemelex Xobeh.
 79024 | D:27     | Found Gulash's Magic Scroll Shoppe.
 79191 | D:27     | Received a gift from Okawaru
 80228 | D:27     | Reached skill level 26 in Fighting
 81861 | Vault:8  | Received a gift from Okawaru
 81872 | Vault:8  | Got a black crossbow {god gift}
 81873 | Vault:8  | Identified the crossbow "Sniper" {god gift, venom, SInv} (Okawaru gifted it to you on level 8 of the Vaults)
 82523 | Vault:8  | Got a silver rune of Zot
 82534 | Vault:8  | Learned a level 3 spell: Recall
 82578 | Vault:8  | Noticed a guardian serpent
 82578 | Vault:8  | a death drake changed into a guardian serpent
 82582 | Vault:8  | a guardian serpent changed into an elephant
 82584 | Vault:8  | Noticed a pulsating lump
 82584 | Vault:8  | an elephant changed into a pulsating lump
 82587 | Vault:8  | Noticed a deep elf high priest
 82588 | Vault:8  | Killed a pulsating lump
 82594 | Vault:8  | Killed a deep elf high priest
 82937 | Vault:8  | Noticed a pulsating lump
 82962 | Vault:8  | Got a crude turquoise ring
 82964 | Vault:8  | Got a conspicuous book
 82969 | Vault:8  | Identified the ring of Yguzes (You found it on level 8 of the Vaults)
 82972 | Vault:8  | Identified the Papyrus of Ashen Combat Magic (You found it on level 8 of the Vaults)
 83168 | Vault:8  | Got a colourful book
 83183 | Vault:8  | Got a colourful book
 83205 | Vault:8  | Identified the Catalogue of Aerial Good Luck (You found it on level 8 of the Vaults)
 83205 | Vault:8  | Identified Jeji's Tome of Evil Magic (You found it on level 8 of the Vaults)
 83237 | Vault:8  | Learned a level 6 spell: Deflect Missiles
 83353 | Vault:8  | Noticed a bone dragon
 83446 | Vault:8  | Killed a bone dragon
 83813 | Vault:8  | Identified a +2 rod of destruction [fire] (14/14) (You found it on level 8 of the Vaults)
 84192 | Hell     | Entered the Vestibule of Hell
 84192 | Hell     | Noticed Geryon
 84400 | Hell     | Killed Geryon 85396
                  | trove
                  | Entered a treasure trove 85413
                  | trove
                  | Got a warped cloak 85418
                  | trove
                  | Got a jewelled helmet 85420
                  | trove
                  | Got a pair of twisted gloves 85423
                  | trove
                  | Got a pair of encrusted gloves
 85465 | Elf:1    | Identified the -2 cloak of Greater Demons (You found it in a treasure trove)
 85471 | Elf:1    | Identified the +2 helmet of Darkness (You found it in a treasure trove)
 85474 | Elf:1    | Identified the +0 pair of gloves of Paski (You found it in a treasure trove)
 85477 | Elf:1    | Identified the +2 pair of gloves of the Echidna (You found it in a treasure trove)
 85828 | Hell     | Found a gateway to the ashen valley of Gehenna.
 85892 | Geh:1    | Entered Level 1 of Gehenna
 85894 | Geh:1    | Noticed a Brimstone Fiend
 85988 | Hell     | Found a gateway to the decaying netherworld of Tartarus.
 86084 | Hell     | Received a gift from Okawaru
 86085 | Hell     | Reached skill level 27 in Fighting
 86114 | Tar:1    | Entered Level 1 of Tartarus
 86149 | Hell     | Found a gateway to the freezing wastes of Cocytus.
 86526 | Coc:1    | Entered Level 1 of Cocytus
 86719 | Hell     | Found a gateway to the Iron City of Dis.
 86724 | Dis:1    | Entered Level 1 of the Iron City of Dis
 87036 | Zot:1    | Entered Level 1 of the Realm of Zot
 87421 | Zot:1    | Got a crude plate armour
 87629 | D:24     | Identified the cursed +12 plate armour of Beauty (You found it on level 1 of the Realm of Zot)
 87851 | Zot:1    | Noticed an orb of fire
 87851 | Zot:1    | Gained mutation: You digest meat inefficiently.
 87853 | Zot:1    | Gained mutation: Armour fits poorly on your strangely shaped body.
 87854 | Zot:1    | Gained mutation: Your flesh is heat resistant.
 87855 | Zot:1    | Gained mutation: You are dopey (Int -1).
 87861 | Zot:1    | Gained mutation: You are frail (-10% HP).
 87863 | Zot:1    | Gained mutation: You are partially covered in thin metallic scales (AC +1).
 87885 | Zot:1    | Killed an orb of fire
 88940 | Zot:2    | Received a gift from Okawaru
 89058 | Zot:2    | Noticed an orb of fire
 89081 | Zot:2    | Killed an orb of fire
 89295 | Zot:2    | Reached skill level 10 in Invocations
 90063 | Zot:3    | Reached skill level 10 in Air Magic
 91276 | Zot:4    | Identified a +2 cloak of preservation (You found it on level 4 of the Realm of Zot)
 91882 | Zot:4    | Received a gift from Okawaru
 92582 | Lair:1   | Learned a level 6 spell: Haste
 92587 | Lair:1   | Learned a level 4 spell: Control Teleport
 92905 | Slime:1  | Paralysed by a giant eyeball for 4 turns
 93124 | Slime:3  | Found a viscous altar of Jiyva.
 93538 | Slime:5  | Paralysed by a giant eyeball for 4 turns
 93653 | Slime:5  | Reached skill level 27 in Armour
 93670 | Slime:6  | Entered Level 6 of the Pits of Slime
 93691 | Slime:6  | Paralysed by a giant eyeball for 2 turns
 93732 | Slime:6  | Paralysed by a giant eyeball for 3 turns
 93761 | Slime:6  | Paralysed by a giant eyeball for 4 turns
 93996 | Slime:6  | Paralysed by a giant eyeball for 3 turns
 94081 | Slime:6  | Found a viscous altar of Jiyva.
 94132 | Slime:6  | Noticed the royal jelly
 94149 | Slime:6  | Killed the royal jelly
 94170 | Slime:5  | Reached skill level 10 in Evocations
 94336 | Slime:6  | Paralysed by a giant eyeball for 3 turns
 94344 | Slime:6  | Paralysed by a giant eyeball for 2 turns
 94508 | Slime:6  | Got a slimy rune of Zot
 94518 | Slime:6  | Got a slimy copper ring
 94538 | Slime:6  | Identified the ring "Qetoluups" (You found it on level 6 of the Pits of Slime)
 94635 | Slime:6  | Got a pair of faintly humming boots
 94658 | Slime:6  | Got a smoking jade ring
 94660 | Slime:6  | Got a blackened book
 94661 | Slime:6  | Identified the Volume of Malediction and Cold (You found it on level 6 of the Pits of Slime)
 94665 | Slime:6  | Identified the ring of Shirapt (You found it on level 6 of the Pits of Slime)
 94759 | Slime:5  | Identified the cursed -3 pair of boots of Honesty (You found it on level 6 of the Pits of Slime)
 95156 | Orc:4    | Identified a +6 rod of destruction [inacc,magma,cold] (12/12) (You found it on level 6 of the Pits of Slime)
 95216 | Orc:3    | Bought a potion of curing for 52 gold pieces
 95216 | Orc:3    | Bought a scroll of fear for 91 gold pieces
 95388 | D:14     | Bought a potion of speed for 99 gold pieces
 95388 | D:14     | Bought a potion of curing for 36 gold pieces
 95388 | D:14     | Bought a potion of curing for 36 gold pieces
 95388 | D:14     | Bought a potion of curing for 36 gold pieces
 95388 | D:14     | Bought a potion of invisibility for 99 gold pieces
 95388 | D:14     | Bought a potion of curing for 36 gold pieces
 95867 | Zot:5    | Entered Level 5 of the Realm of Zot
 96177 | Zot:5    | Reached skill level 15 in Shields
 96298 | Zot:5    | Found a shimmering altar of Xom.
 96864 | Zot:5    | Noticed psch's ghost (legendary DDEE)
 96918 | Zot:5    | Killed psch's ghost
 97150 | Zot:5    | Noticed an ancient lich
 97168 | Zot:5    | Killed an ancient lich
 97651 | Zot:5    | Noticed an orb of fire
 97663 | Zot:5    | Gained mutation: You digest meat very inefficiently.
 97664 | Zot:5    | Noticed an ancient lich
 97724 | Zot:5    | Gained mutation: You have a fast metabolism.
 97725 | Zot:5    | Killed an orb of fire
 97775 | Zot:5    | Killed an ancient lich
 97952 | Zot:5    | Noticed an ancient lich
 97998 | Zot:5    | Killed an ancient lich
 99753 | D:2      | Fell from the grace of Okawaru
 99753 | D:2      | Became a worshipper of The Shining One
100207 | D:18     | Lost mutation: Armour fits poorly on your strangely shaped body.
100207 | D:18     | Lost mutation: You are dopey (Int -1).
100207 | D:18     | Lost mutation: You digest meat very inefficiently.
100207 | D:18     | Lost mutation: You are partially covered in thin metallic scales (AC +1).
100207 | D:18     | Lost mutation: Your flesh is heat resistant.
100666 | Crypt:1  | Acquired The Shining One's first power
101490 | Crypt:2  | Acquired The Shining One's second power
101968 | Crypt:3  | Learned a level 1 spell: Apportation
101970 | Crypt:3  | Learned a level 1 spell: Summon Butterflies
102123 | Crypt:3  | Found a staircase to the Tomb.
102135 | Tomb:1   | Entered Level 1 of the Tomb of the Ancients
102199 | Crypt:3  | Noticed Mennas
102576 | Crypt:4  | Noticed an ancient lich
102578 | Crypt:4  | Noticed a reaper
102714 | Crypt:4  | Killed an ancient lich
102787 | Crypt:4  | Reached skill level 10 in Summonings
103699 | Crypt:5  | Entered Level 5 of the Crypt
103727 | Crypt:5  | Acquired The Shining One's third power
104758 | Crypt:5  | Noticed a reaper
104868 | Crypt:5  | Noticed an ancient lich
104878 | Crypt:5  | Killed an ancient lich
104939 | Crypt:5  | Acquired The Shining One's fourth power
105106 | Crypt:5  | Found an ancient bone altar of Kikubaaqudgha.
105211 | Crypt:5  | Killed a reaper
105305 | Crypt:5  | Noticed an ancient lich
105358 | Crypt:5  | Killed an ancient lich
105414 | Crypt:5  | Got a heavily runed brass ring
105415 | Crypt:5  | Identified the ring "Ruceli Noeb" (You found it on level 5 of the Crypt)
105589 | Crypt:5  | Noticed a reaper
105605 | Crypt:5  | Killed a reaper
107010 | D:12     | Noticed an orc knight
107010 | D:12     | Noticed a naga warrior
107010 | D:12     | Noticed a fire giant
107010 | D:12     | Noticed a frost giant
107017 | D:12     | Killed a fire giant
107022 | D:12     | Killed a naga warrior
107027 | D:12     | Killed a frost giant
107033 | D:12     | Killed an orc knight
107362 | D:2      | Identified a +8,+9 broad axe of holy wrath {god gift} (a +8,+9 broad axe of electrocution {god gift} blessed by the Shining One)
107688 | Lair:1   | Learned a level 5 spell: Silence
108039 | Abyss    | Entered The Abyss
108039 | Abyss    | Found a corrupted altar of Lugonu.
108059 | D:21     | You pass through the gate.
108337 | Abyss    | Noticed a tormentor
108346 | Abyss    | Killed a tormentor
108468 | Abyss    | Noticed a reaper
108477 | Abyss    | Killed a reaper
108485 | Abyss    | Found a corrupted altar of Lugonu.
108588 | Abyss    | Noticed a tengu
108597 | Abyss    | Killed a tengu
108856 | Abyss    | Noticed an air elemental
108863 | Abyss    | Killed an air elemental
108943 | Abyss    | Noticed an eidolon
108966 | Abyss    | Killed an eidolon
108999 | Abyss    | Got an abyssal rune of Zot
109038 | Abyss    | Noticed a vapour
109063 | Abyss    | Found a corrupted altar of Lugonu.
109109 | Abyss    | Noticed a giant eyeball
109109 | D:21     | You pass through the gate.
109452 | Tar:7    | Entered Level 7 of Tartarus
109778 | Tar:7    | Noticed Ereshkigal
109824 | Tar:7    | Killed Ereshkigal
109827 | Tar:7    | Got a bone rune of Zot
110161 | Tar:7    | Reached skill level 15 in Summonings
110971 | Dis:2    | Paralysed by the effects of Hell for 6 turns
111743 | Dis:7    | Entered Level 7 of the Iron City of Dis
112087 | Dis:7    | Paralysed by the effects of Hell for 3 turns
112789 | Dis:7    | Got a transparent marble ring
112791 | Dis:7    | Got a smoking crystal amulet
112795 | Dis:7    | Identified the amulet of Henotheism (You found it on level 7 of the Iron City of Dis)
112796 | Dis:7    | Identified the ring "Unubool" (You found it on level 7 of the Iron City of Dis)
112898 | Dis:7    | Noticed a Brimstone Fiend
112909 | Dis:7    | Killed a Brimstone Fiend
112992 | Dis:7    | Noticed a Brimstone Fiend
113022 | Dis:7    | Killed a Brimstone Fiend
113024 | Dis:7    | Noticed Dispater
113050 | Dis:7    | Killed Dispater
113122 | Dis:7    | Got a brightly glowing cloak
113124 | Dis:7    | Got an iron rune of Zot
113134 | Dis:7    | Identified the +0 cloak of the Game of Life (You found it on level 7 of the Iron City of Dis)
113220 | Dis:7    | Noticed a Brimstone Fiend
113231 | Dis:7    | Killed a Brimstone Fiend
113266 | Dis:7    | Got a torn book
113267 | Dis:7    | Identified the Catalogue of Ensnaring Confrontation (You found it on level 7 of the Iron City of Dis)
113283 | Dis:7    | Noticed an iron dragon
113285 | Dis:7    | Noticed an iron dragon
113341 | Dis:7    | Killed an iron dragon
113354 | Dis:7    | Killed an iron dragon
113556 | Dis:7    | Noticed an iron dragon
113580 | Dis:7    | Killed an iron dragon
113583 | Dis:7    | Gained mutation: Your body is slowly deteriorating.
113601 | Dis:7    | Got a heavily runed platinum ring
113610 | Dis:7    | Identified the ring "Vuratit" (You found it on level 7 of the Iron City of Dis)
113610 | Dis:7    | Identified a cursed rod of demonology (You found it on level 7 of Tartarus)
113630 | Dis:7    | Got a levitating book
113631 | Dis:7    | Identified The Incunabulum of Greatest Risks and Utility (You found it on level 7 of the Iron City of Dis)
113856 | Geh:2    | Noticed a Brimstone Fiend
113913 | Geh:2    | Killed a Brimstone Fiend
113962 | Geh:2    | Gained mutation: Armour fits poorly on your strangely shaped body.
114603 | Geh:7    | Entered Level 7 of Gehenna
114603 | Geh:7    | Noticed an efreet
114603 | Geh:7    | Noticed an efreet
114607 | Geh:7    | Killed an efreet
114612 | Geh:7    | Killed an efreet
114884 | Geh:7    | Noticed a Brimstone Fiend
114890 | Geh:7    | Killed a Brimstone Fiend
115391 | Geh:7    | Noticed the Serpent of Hell
115401 | Geh:7    | Noticed a Brimstone Fiend
115626 | Geh:1    | Killed a Brimstone Fiend
115876 | Geh:3    | Noticed a Brimstone Fiend
115881 | Geh:3    | Killed a Brimstone Fiend
115999 | Geh:5    | Noticed a Brimstone Fiend
116010 | Geh:5    | Killed a Brimstone Fiend
116672 | Geh:5    | Noticed a Brimstone Fiend
116691 | Geh:5    | Killed a Brimstone Fiend
116861 | Geh:7    | Killed the Serpent of Hell
117057 | Geh:7    | Noticed a Brimstone Fiend
117060 | Geh:7    | Killed a Brimstone Fiend
117076 | Geh:7    | Noticed a Brimstone Fiend
117084 | Geh:7    | Killed a Brimstone Fiend
117220 | Geh:7    | Noticed an efreet
117243 | Geh:7    | Killed an efreet
117265 | Geh:7    | Noticed a Brimstone Fiend
117265 | Geh:7    | Noticed a Brimstone Fiend
117438 | Geh:7    | Killed a Brimstone Fiend
117452 | Geh:7    | Killed a Brimstone Fiend
117455 | Geh:7    | Noticed a Brimstone Fiend
117458 | Geh:7    | Killed a Brimstone Fiend
117461 | Geh:7    | Killed a Brimstone Fiend
117570 | Geh:7    | Noticed a soul eater
117572 | Geh:7    | Killed a soul eater
117614 | Geh:7    | Got a sparkling book
117615 | Geh:7    | Identified the Incunabulum of Ashen Moulding (You found it on level 7 of Gehenna)
117707 | Geh:7    | Got a brightly glowing plate armour
117857 | Geh:7    | Noticed an efreet
117857 | Geh:7    | Noticed an efreet
117869 | Geh:7    | Killed an efreet
117870 | Geh:7    | Killed an efreet
117874 | Geh:7    | Noticed a Brimstone Fiend
117886 | Geh:7    | Reached skill level 27 in Shields
117893 | Geh:7    | Killed a Brimstone Fiend
118007 | Geh:7    | Noticed an efreet
118041 | Geh:7    | Killed an efreet
118063 | Geh:7    | Noticed a Brimstone Fiend
118063 | Geh:7    | Noticed Asmodeus
118207 | Geh:7    | Killed a Brimstone Fiend
118212 | Geh:7    | Noticed an efreet
118212 | Geh:7    | Killed an efreet
118428 | Abyss    | Found a corrupted altar of Lugonu.
118429 | Abyss    | Found a corrupted altar of Lugonu.
118569 | Abyss    | Noticed a tormentor
118575 | Abyss    | Killed a tormentor
118943 | D:21     | You pass through the gate.
119788 | Geh:7    | Noticed a Brimstone Fiend
119795 | Geh:7    | Killed a Brimstone Fiend
119808 | Geh:7    | Noticed an efreet
119818 | Geh:7    | Killed an efreet
119820 | Geh:7    | Killed Asmodeus
119821 | Geh:7    | Killed an efreet
119824 | Geh:7    | Noticed a Brimstone Fiend
119830 | Geh:7    | Killed a Brimstone Fiend
119857 | Geh:7    | Got an obsidian rune of Zot
120938 | Hell     | Identified the cursed +2 plate armour of Unambiguity (You found it on level 7 of Gehenna)
121196 | Pan      | Entered Pandemonium
121929 | Pan      | Reached skill level 1 in Hexes
121949 | Pan      | Noticed Iboituci the pandemonium lord
121961 | Pan      | Killed Iboituci the pandemonium lord
122193 | Pan      | Reached skill level 5 in Hexes
123196 | Pan      | Noticed Uduastid the pandemonium lord
123207 | Pan      | Killed Uduastid the pandemonium lord
123312 | Pan      | Reached skill level 10 in Hexes
123466 | Pan      | Noticed Struahiemn the pandemonium lord
123812 | Pan      | Killed Struahiemn the pandemonium lord
124555 | Pan      | Noticed Fruuwes the pandemonium lord
125017 | Pan      | Noticed Cloehenauqo the pandemonium lord
125029 | Pan      | Killed Cloehenauqo the pandemonium lord
125546 | Pan      | Noticed Veilog the pandemonium lord
125561 | Pan      | Killed Veilog the pandemonium lord
126165 | Pan      | Found a gateway to a ziggurat.
126285 | Pan      | Noticed Reyhor the pandemonium lord
126309 | Pan      | Killed Reyhor the pandemonium lord
126360 | Pan      | Reached skill level 15 in Hexes
126513 | Pan      | You paid a toll of 2920 gold to enter a ziggurat.
126513 | Zig:1    | Entered level 1 of a ziggurat
126537 | Zig:2    | Entered level 2 of a ziggurat
126574 | Zig:3    | Entered level 3 of a ziggurat
126708 | Pan      | Noticed Geuvimui the pandemonium lord
126720 | Pan      | Killed Geuvimui the pandemonium lord
127296 | Pan      | Noticed Zanuyxt the pandemonium lord
127305 | Pan      | Killed Zanuyxt the pandemonium lord
127621 | Pan      | Entered the realm of Gloorx Vloq.
128135 | Pan      | Gained mutation: Your vision is a little blurry.
128414 | Pan      | Noticed Gloorx Vloq
128945 | Pan      | Killed Gloorx Vloq
129027 | Pan      | Got a dark rune of Zot
129370 | Pan      | Gained mutation: You heal slowly.
130293 | Pan      | Noticed Stas the pandemonium lord
130319 | Pan      | Killed Stas the pandemonium lord
130619 | Pan      | Entered the realm of Lom Lobon.
131895 | Pan      | Noticed Lom Lobon
132204 | Pan      | Killed Lom Lobon
132224 | Pan      | Got a magical rune of Zot
132560 | Pan      | Found a gateway to a ziggurat.
132911 | Pan      | Noticed Nabb the pandemonium lord
133027 | Pan      | Killed Nabb the pandemonium lord
133550 | Pan      | Noticed Vuedghuf the pandemonium lord
133627 | Pan      | Killed Vuedghuf the pandemonium lord
133641 | Pan      | Got an inconspicuous book
133642 | Pan      | Identified Sif Muna's Catalogue of Sinister Summoning (You found it in Pandemonium)
133964 | Pan      | Reached skill level 10 in Translocations
134022 | Pan      | Noticed Corestig the pandemonium lord
134363 | Pan      | Noticed Huzixu the pandemonium lord
134385 | Pan      | Killed Huzixu the pandemonium lord
134385 | Pan      | Reached skill level 5 in Long Blades
134458 | Pan      | Reached skill level 5 in Dodging
134540 | Pan      | Entered the realm of Cerebov.
134586 | Pan      | Noticed Cerebov
134716 | Pan      | Got a twisted helmet
134717 | Pan      | Identified the cursed -4 helmet "Vijeosy" (You found it in Pandemonium)
134968 | Pan      | Got a polished broad axe
135243 | Pan      | Got a fiery rune of Zot
135321 | Pan      | Entered the realm of Mnoleg.
136107 | Pan      | Noticed Mnoleg
136170 | Pan      | Gained mutation: You are very frail (-20% HP).
136265 | Pan      | Got a glowing rune of Zot
136282 | D:24     | You pass through the gate.
136284 | D:24     | Identified the broad axe of the Jolly Stars {slay orc, Str+3 SInv} (You found it in Pandemonium)
136654 | Vault:5  | Bought a meat ration for 40 gold pieces
136654 | Vault:5  | Bought a bread ration for 40 gold pieces
136654 | Vault:5  | Bought a pear for 8 gold pieces
136654 | Vault:5  | Bought a bread ration for 40 gold pieces
136654 | Vault:5  | Bought a meat ration for 40 gold pieces
136654 | Vault:5  | Bought an apple for 8 gold pieces
136654 | Vault:5  | Bought a bread ration for 40 gold pieces
136654 | Vault:5  | Bought a bread ration for 40 gold pieces
136654 | Vault:5  | Bought a meat ration for 40 gold pieces
136654 | Vault:5  | Bought an apple for 8 gold pieces
138200 | Pan      | Noticed Ymuthut the pandemonium lord
138517 | Pan      | Noticed Demar the pandemonium lord
138710 | Pan      | Was forgiven by Okawaru
139040 | Pan      | Killed Demar the pandemonium lord
139270 | Pan      | Reached skill level 10 in Long Blades
139297 | Pan      | Noticed Jemik the pandemonium lord
139308 | Pan      | Killed Jemik the pandemonium lord
139711 | Pan      | Found a gateway to a ziggurat.
139878 | Pan      | Got a slimy plate armour
139879 | Pan      | Identified the +10 plate armour of Dodauwuch (You found it in Pandemonium)
140008 | Pan      | Noticed Xogra the pandemonium lord
140038 | Pan      | Killed Xogra the pandemonium lord
140096 | Pan      | Got a demonic rune of Zot
140859 | D:24     | You pass through the gate.
141969 | Coc:7    | Entered Level 7 of Cocytus
142677 | Coc:7    | Noticed Antaeus
144257 | Coc:7    | Got an icy rune of Zot
144806 | Zot:5    | Got the Orb of Zot
144928 | Zot:3    | Noticed an ancient lich
145353 | D:9      | Noticed Phocs the pandemonium lord
145364 | D:9      | Killed Phocs the pandemonium lord
145677 | D:$      | Escaped with the Orb!
